← All builds
Geo / Armada / Economy first / OBSERVED BUILD

Stormbringer bombers

Geo builds an Aircraft Plant and pushes out Stormbringer bombers from 6:41 with fighter escort, striking directly into the enemy base rather than sending T2 units to front, a clear detour from the standard Geo job.

Usually blows up the commander for T2 (83%)

#air #raid · 24 distinct matches · 13 players · 2% of Armada Geo games · team won 79% of 24 · Recently observed

THE CATCH, AND WHAT COMES WITH IT
  • StormbringerT1 air bombers from 6:41 · 10% of role by thenFrom the Aircraft Plant. Only 10% of Geo games have it by then; others who build it get it around 7:41
  • Aircraft PlantAircraft Plant in 92%16% of all Geo games by then
  • ValiantValiant in 79%12% of all Geo games by then
  • BlinkScout plane in 50%6% of all Geo games by then

Started with Stormbringer (92%), Whirlwind (8%).

Where those units first fight, in 22 games with kill data: in the enemy base 64%, in the middle 32%.

Those units destroy a typical 1,859 metal of enemy units by 15:00.

Then transitions into Starlight (22% of army), Jaguar (15% of army).

HOW TO PLAY IT

Key timing: Aircraft Plant by 6:29

  1. Standard Geo open with mex, wind, and early Bot Lab.
  2. Get geo up on schedule to keep economy on track.
  3. Build Aircraft Plant instead of rushing straight to Vehicle Plant.
  4. Commit to Stormbringer bombers to strike the enemy base directly.
  5. Add fighters (Valiant) for cover, then transition into Starlight push.

Phase by phase

TYPICAL OF ITS 24 GAMES · AGAINST STANDARD GEO
  1. 1
  2. 2
  3. 3
  4. 4
  5. 5
PLAY THE OPENING

Follow the example game's first 7:42 step by step: what to build now, what comes next, and where it goes. At 1× it keeps pace with your own game.

  1. 1

    Up to the Bot Lab

    Economy
    • Metal Extractor3Mex
    • Wind Turbine3Wind
    Order
    1. Bot LabBot Lab after 3 mex, 3 winddone ~1:14, middle half 0:54–1:20

    By 0:57 in all: 3 mex · 3 wind

    The example game in this phase · 3 steps
    1. Mex ×2
    2. Wind ×3
    3. Bot LabBot Labdone 0:52 · typical 1:14
  2. 2

    Bot Lab to 5:00

    Economy
    • Metal Extractor2Mex
    • Energy Converter6Converter−2 vs standard
    • Energy Storage1Energy storage
    Order
    1. Geothermal PowerplantGeo after 4 mex, 4 wind
    Builders
    • Construction Turret6 Con turret
    • Lazarus5 Lazarus
    • Construction Bot1 Con bot
    • Construction Bot1 Con bot for allies
    • Lazarus1 Lazarus for allies

    Some games also: wind (50%)

    The standard build makes here, this one skips: 3 wind

    By 5:00 in all: 4 mex · 4 wind (standard 6) · 1 geo · 6 converter (standard 8) · 1 energy storage · 6 con turret

    The example game in this phase · 24 steps
    1. LazarusLazarus
    2. Wind ×2
    3. Solar
    4. Wind
    5. LazarusLazarus
    6. Wind
    7. Construction BotCon bot
    8. TickTick ×2
    9. Construction BotCon bot ×2
    10. Construction BotCon botfor Beach sea
    11. Mex
    12. LazarusLazarus
    13. LazarusLazarusfor Beach sea
    14. Mex
    15. LazarusLazarus
    16. Con turret
    17. Geothermal PowerplantGeodone 3:18 · typical 3:13
    18. Con turret ×2
    19. Energy storage
    20. Con turret
    21. Energy storage
    22. Con turret ×3
    23. Aircraft PlantAircraft Plantdone 4:46 · typical 6:41
    24. StormbringerBomber ×3done 4:54
  3. 3

    5:00 to T1 air bombers

    Order
    1. Advanced Geothermal PowerplantAdvanced Geothermal Powerplant after 4 mex, 7 converter, 6 con turretin 67% of games
    2. Aircraft PlantAircraft Plant after 4 mex, 8 converter, 8 con turretin 67% of games
    3. StormbringerT1 air bombers after 4 mex, 7 converter, 7 con turret

    Some games also: con turret (38%)

    By 6:41 in all: 4 mex · 4 wind (standard 9) · 1 geo · 1 Advanced Geothermal Powerplant · 7 converter (standard 10) · 2 energy storage

    The example game in this phase · 1 step
    1. StormbringerBomberdone 4:50
  4. 4

    T1 air bombers to Vehicle Plant

    Order
    1. Vehicle PlantVehicle Plant after 7 wind, 9 converter, 8 con turretdone ~8:29, middle half 8:11–8:46
    Builders
    • Construction Turret1 Con turret
    Army
    • Stormbringer15 Bomber +15 vs standard
    • Falcon6 Fighter +6 vs standard

    Some games also: scout plane (38%) · converter (33%)

    By 8:24 in all: 4 mex · 6 wind (standard 12) · 1 geo · 1 Advanced Geothermal Powerplant · 9 converter (standard 13) · 2 energy storage

    The example game in this phase · 9 steps
    1. StormbringerBomber ×6
    2. Advanced Metal ExtractorT2 mex ×2done 5:48 · typical 5:22
    3. Advanced Geothermal PowerplantAdvanced Geothermal Powerplantdone 7:35 · typical 6:41
    4. Advanced Metal ExtractorT2 mex
    5. Converter ×5
    6. GruntGrunt
    7. Converter
    8. Advanced Metal ExtractorT2 mex
    9. Vehicle PlantVehicle Plantdone 7:51 · typical 8:29
  5. 5

    Vehicle Plant to 10:00

    Order
    1. Advanced Vehicle PlantAdvanced Vehicle Plant after 7 wind, 13 converter, 8 con turretin 63% of games
    Builders
    • Construction Vehicle1 Con vehicle

    Some games also: Starlight (42%)

    The standard build makes here, this one skips: 4 wind

    By 10:00 in all: 4 mex · 7 wind (standard 19) · 1 geo · 1 Advanced Geothermal Powerplant · 11 converter (standard 16) · 2 energy storage

    The example game in this phase · 97 steps
    1. Converter
    2. Construction VehicleCon vehicle
    3. GruntGrunt
    4. Converter ×2
    5. GruntGrunt
    6. Converter ×4
    7. Advanced Vehicle PlantAdvanced Vehicle Plantdone 8:45 · typical 9:23
    8. Converter
    9. PawnPawn
    10. StarlightStarlightdone 9:08 · typical 10:02
    11. Converter ×2
    12. Radar TowerRadar Tower
    13. Converter ×2
    14. StarlightStarlight
    15. PinpointerPinpointer
    16. Converter ×2
    17. BeamerBeamer
    18. Converter
    19. StarlightStarlight
    20. Wind
    21. BeamerBeamer
    22. Converter
    23. Wind
    24. StarlightStarlight
    25. Wind
    26. Converter
    27. BeamerBeamer
    28. Wind
    29. StarlightStarlight
    30. UmbraJammer
    31. Converter
    32. ProphetRadar vehicle
    33. Wind
    34. ShredderShredderdone 11:23
    35. Converter
    36. StarlightStarlight
    37. Wind
    38. Converter
    39. JaguarJaguar
    40. Wind
    41. Converter
    42. JaguarJaguar
    43. Wind
    44. BeholderBeholder
    45. Wind
    46. JaguarJaguar
    47. Wind
    48. Converter
    49. BeholderBeholder
    50. Wind
    51. JaguarJaguar
    52. BeholderBeholder
    53. JaguarJaguar
    54. Wind
    55. BeholderBeholder
    56. Con turret
    57. JaguarJaguar
    58. BeholderBeholder
    59. JaguarJaguar
    60. Wind
    61. BeholderBeholder
    62. JaguarJaguar
    63. BeholderBeholder
    64. Wind
    65. JaguarJaguar
    66. Wind
    67. BeholderBeholder
    68. Wind ×2
    69. JaguarJaguar
    70. Wind
    71. BeholderBeholder
    72. Wind
    73. JaguarJaguar
    74. Wind
    75. JaguarJaguar
    76. Wind ×2
    77. BeholderBeholder
    78. Wind ×2
    79. JaguarJaguar
    80. Wind ×2
    81. JaguarJaguar
    82. StarlightStarlight
    83. Wind ×2
    84. Con turret
    85. Wind ×2
    86. StarlightStarlight
    87. Wind
    88. Con turret
    89. Wind ×3
    90. Con turret
    91. StarlightStarlight
    92. Wind ×2
    93. Con turret
    94. Wind ×4
    95. StarlightStarlight
    96. Wind
    97. ConsulConsul

Counts are medians over the build's games: half of them build more, half fewer. The example game is RitualMurder's (35 OS, 14/08/2026); pick another.

Team trades

IN AT LEAST 30% OF ITS GAMES

You hand over

  • Lazarus1 Lazarus to Beach seafirst at 2:20 · in 67% of games
  • Construction Bot1 Con bot to Beach sea or Pondfirst at 2:36 · in 88% of games

You get

  • Hercules1 Light transport from Airfirst at 4:22 · in 71% of games
  • Advanced Construction Bot1 T2 con bot from Techfirst at 4:45 · in 100% of games
  • Advanced Metal Extractor1 T2 mex from Tech or Airfirst at 4:50 · in 33% of games
  • Valiant8 Valiant from Airfirst at 7:59 · in 75% of games

How it plays out

Typical game of this build against the role’s standard build, running totals by minute

  • This build
  • Standard geo

Metal produced

020k40k
0:005:0010:0015:00

metal

Enemy metal destroyed

05k10k15k
0:005:0010:0015:00

metal

Own metal lost

02.5k5k7.5k
0:005:0010:0015:00

metal

24 games.

Show as table
ByMetal produced: This buildMetal produced: Standard geoEnemy metal destroyed: This buildEnemy metal destroyed: Standard geoOwn metal lost: This buildOwn metal lost: Standard geo
1:003403330000
2:008188250000
3:00147315230000
4:00282927000000
5:00388837260000
6:00634357290000
7:00910881300000
8:00115731145900021
9:001447614489159051610130
10:00177321740529325651993280
11:002045420377344520743020790
12:0022647233053743394031861940
13:0024744260625705596133373304
14:0026574289889284832137774785
15:002825531497105011017248796196
WHAT THE NUMBERS SAY

Won much more often than the standard build while matching its enemy metal destroyed by 15:00.

  • + Team win rate 81% vs 53% for standard build.
  • + Lost only 4390 metal by 15:00 vs 6281 for standard build.
  • − Metal production trails standard build by 15:00 (27732 vs 31426).
THE EXAMPLE YOU ARE READING

RitualMurder

35.1 OS · 14/08/2026

Open source match ↗

10 received units · includes a constructor
1617 metal received · 94939 energy received

Allied construction assistance is unknown. Timings are observations, not a promise of solo reproducibility.

Typical milestones

Bot Lab1:14Middle 50%: 0:54–1:20 · n=24
Geothermal Powerplant3:13Middle 50%: 3:07–3:21 · n=24
Advanced Metal Extractor5:22Middle 50%: 5:14–5:56 · n=24
Aircraft Plant6:41Middle 50%: 5:39–6:51 · n=23
Advanced Geothermal Powerplant6:41Middle 50%: 6:30–6:50 · n=21
Vehicle Plant8:29Middle 50%: 8:11–8:46 · n=19
Advanced Vehicle Plant9:23Middle 50%: 9:06–9:54 · n=18
Starlight10:02Middle 50%: 9:37–10:17 · n=13

Played most by

[Cookie]Baby_Evis5games of this buildIMBALANCED4games of this buildNutzz3games of this buildFruit_2games of this buildRitualMurder2games of this build